 Dungeon Crawl Stone Soup version 0.24.0-13-gcf9b319 (webtiles) character file.

Game seed: 15500719361158464378, levelgen mode: deterministic

99712 Fang the Fighter (level 16, 0/106 HPs)
             Began as a Gargoyle Berserker on Dec 3, 2019.
             Was the Champion of Trog.
             Slain by an orc warrior
             ... wielding a +0 trident
             ... led by an orc high priest
              (11 damage)
             ... on level 2 of the Orcish Mines.
             The game lasted 00:26:20 (17975 turns).

Fang the Fighter (Gargoyle Berserker)              Turns: 17975, Time: 00:26:20

Health: 0/106      AC: 33    Str: 28    XL:     16   Next: 25%
Magic:  16/16      EV: 10    Int: 11    God:    Trog [******]
Gold:   2056       SH: 20    Dex: 11    Spells: 15/15 levels left

rFire    . . .     SeeInvis .   a - +4 broad axe (drain)
rCold    . . .     Gourm    .   f - +0 large shield of Ides {Regen+ Int+3 Dex+2}
rNeg     + + .     Faith    .   b - +3 plate armour
rPois    ∞         Spirit   .   (no helmet)
rElec    +         Reflect  .   M - +2 cloak
rCorr    .         Harm     .   (no gloves)
MR       +++..                  (no boots)
Stlth    ..........             e - amulet of regeneration
HPRegen  2.07/turn              h - +3 ring of protection
MPRegen  0.15/turn              D - ring of positive energy

@: corroded, berserk cooldown, flying, regenerating, slowed, very slow
A: big wings, negative energy resistance 1, electricity resistance, unbreathing,
petrification resistance, rot immunity, AC +12
a: Stop Flying, Berserk, Trog's Hand, Brothers in Arms, Renounce Religion


You were on level 2 of the Orcish Mines.
You worshipped Trog.
Trog was exalted by your worship.
You were very hungry.

You visited 4 branches of the dungeon, and saw 24 of its levels.
You visited the Abyss 1 time.
You also visited: Sewer.

You collected 2320 gold pieces.
You spent 264 gold pieces at shops.

Inventory:

Hand Weapons
 a - a +4 broad axe of draining (weapon)
 t - a +1 hand axe of flaming
 y - a +2 war axe of freezing
Armour
 b - a +3 plate armour (worn)
 f - the +0 large shield of Ides (worn) {Regen+ Int+3 Dex+2}
   (You bought it in a shop on level 7 of the Dungeon)

   It affects your intelligence (+3).
   It affects your dexterity (+2).
   It increases your rate of regeneration.
 B - a +0 large shield
 M - a +2 cloak (worn)
Jewellery
 e - an amulet of regeneration (around neck)
 h - a +3 ring of protection (left hand)
 p - an uncursed amulet of guardian spirit
 D - a ring of positive energy (right hand)
Wands
 d - a wand of clouds (7)
 k - a wand of random effects (31)
 r - a wand of polymorph (8)
 w - a wand of flame (42)
 x - a wand of iceblast (15)
 E - a wand of disintegration (32)
 F - a wand of acid (20)
 I - a wand of paralysis (3)
 J - a wand of digging (4)
Scrolls
 j - 9 scrolls of remove curse
 m - 2 scrolls of fear
 n - 11 scrolls of teleportation
 o - 6 scrolls of blinking
 u - 3 scrolls of fog
 K - a scroll of magic mapping
 L - 7 scrolls of identify
Potions
 g - 3 potions of resistance
 i - 11 potions of curing
 l - 3 potions of haste
 q - 2 potions of heal wounds
 s - 6 potions of agility
 v - 2 potions of ambrosia
 z - a potion of invisibility
 A - 2 potions of mutation
 G - a potion of might
 H - a potion of cancellation
Comestibles
 c - 44 rations
 C - 21 chunks of flesh


   Skills:
 + Level 14.3 Fighting
 + Level 12.3 Axes
 + Level 13.7 Armour
 + Level 10.9 Dodging
 + Level 13.5 Shields


You had 15 spell levels left.
You didn't know any spells.
Your spell library was empty.

Dungeon Overview and Level Annotations

Branches:
Dungeon (15/15)            Temple (1/1) D:7            Lair (6/6) D:9
 Shoals (0/4) Lair:4       Spider (0/4) Lair:2        Slime (0/5) Lair:5
    Orc (2/2) D:10         Vaults (0/5) D:13         Depths (0/5) D:15
  Sewer (visited)
    Elf: Orc:2

Altars:
Cheibriados
Dithmenos
Elyvilon
Makhleb
Okawaru
Ru
Vehumet
Xom
Beogh
Jiyva

Shops:
D:7 [   Orc:1 ?   Orc:2 ([

Annotations:
D:7 3 runed translucent doors, Romra's ghost, novice DECj
Lair:4 exclusion: oklob plant
Lair:5 1 runed translucent door


Innate Abilities, Weirdness & Mutations

You are resistant to torment.
Your stone body is resilient. (AC +12)
You are immune to poison.
Your large and strong wings let you fly indefinitely.
You resist negative energy. (rN+)
You are resistant to electric shocks. (rElec)
You can survive without breathing.
You are immune to petrification.
You are immune to rotting.


Message History

The hellwing swoops through the air toward you!
The hellwing hits you but does no damage. x2
You block the orc's attack. The orc warlord closely misses you.
The sixfirhy is engulfed in a cloud of scalding steam.
The sixfirhy hits you.
* * * LOW HITPOINT WARNING * * *
The sixfirhy shocks you. You resist.
* * * LOW HITPOINT WARNING * * *
Your skin crawls.
You feel resistant to hostile enchantments.
You feel somewhat more hungry.
The smoke demon disappears in a puff of smoke!
The sixfirhy hits you but does no damage.
You block the sixfirhy's attack. The sixfirhy hits you.
* * * LOW HITPOINT WARNING * * *
The sixfirhy shocks you. You resist.
* * * LOW HITPOINT WARNING * * *
The sixfirhy misses you. You block the orc high priest's attack.
The orc warrior hits you from afar with a +0 trident!
You die...

#.....8....P.......
##..................#
.....P...∩...........
.....P.).....P.......
..................#..
.............P.......
......P...........
.......4...3......
.......o@oo.......
.......33ooo...#.
......T4ooo).###
........o)o§..#
.#.............#
##......#........
..............#..
.................
................


You could see an orc warlord, 2 orc knights, 2 orc high priests, an orange
demon, a hellwing, a sixfirhy, a smoke demon, a neqoxec, 3 orc warriors, 3 orcs
and a friendly iron troll (berserk).

Vanquished Creatures
  A tentacled starspawn (Abyss:1)
  A frost giant (D:12)
  An ironheart preserver (D:13)
  2 ettins
  Snorg (Lair:5)
  Josephine (D:10)
  3 hydras
  4 catoblepae
  6 two-headed ogres
  A death knight (D:14)
  2 centaur warriors
  3 tengu warriors
  5 death yaks (Lair:6)
  4 ogre magi
  Urug (Lair:6)
  Nergalle (D:12)
  A sixfirhy (Abyss:1)
  An orc high priest (Orc:1)
  A wretched star (Abyss:1)
  A skeletal warrior (D:14)
  A death drake (Abyss:1)
  2 unseen horrors (D:15)
  Pikel (D:4)
  A phantasmal warrior (D:14)
  3 orc knights
  5 orc sorcerers
  4 ugly things (D:14)
  3 cyclopes
  5 manticores
  5 black mambas
  4 centaur zombies
  Maurice (Orc:1)
  4 elephants
  A rust devil (Abyss:1)
  4 gargoyles
  An orange demon (Abyss:1)
  A torpor snail (Lair:2)
  Psyche (D:12)
  3 kobold demonologists
  13 spiny frogs
  2 yaktaurs (D:15)
  A rime drake (Lair:1)
  2 tengu conjurers
  A freezing wraith (D:14)
  10 komodo dragons
  An ancient zyme (Abyss:1)
  A polar bear (Lair:5)
  9 trolls
  2 jumping spiders (Lair:2)
  7 hippogriffs
  9 slime creatures
  5 blink frogs (Lair:4)
  2 shadows
  2 centaur simulacra (D:15)
  3 redbacks (Lair:2)
  Sigmund (D:3)
  4 basilisks
  3 wraiths (D:10)
  38 yaks
  4 wyverns
  A ynoxinul (Abyss:1)
  A human (shapeshifter) (D:15)
  17 vampire mosquitoes
  3 hungry ghosts
  3 chaos spawn (D:15)
  Grum (D:11)
  4 large abominations (Abyss:1)
  A small abomination (Abyss:1)
  2 acid dragons
  Edmund (D:5)
  A warg (Orc:1)
  12 water moccasins
  10 porcupines
  Duvessa (D:5)
  7 sky beasts
  Purgy (Sewer)
  23 orc warriors
  7 ice beasts
  An eye of draining (D:12)
  A necrophage (D:11)
  5 black bears
  11 ogres
  5 phantoms
  7 centaurs
  6 wolves
  9 crocodiles
  3 big kobolds
  17 bullfrogs
  Blork the orc (D:4)
  A gnoll sergeant (D:6)
  Dowan (D:5)
  A wyvern skeleton (D:13)
  9 scorpions
  15 killer bees
  6 wights
  A howler monkey (D:4)
  4 crimson imps
  2 electric eels (D:15)
  4 bullfrog zombies
  9 jellies
  A quasit (D:10)
  5 hounds
  9 orc priests
  3 centaur skeletons
  An iron imp (Abyss:1)
  4 bullfrog skeletons
  11 worker ants
  15 orc wizards
  8 iguanas
  7 hell rats (Lair:6)
  Ijyb (D:5)
  3 hound zombies
  A worker ant zombie (D:7)
  12 adders
  4 gnolls (D:6)
  2 river rats (D:4)
  7 shadow imps
  15 oozes
  2 ufetubi (Abyss:1)
  An adder zombie (D:8)
  6 worms
  2 dart slugs (D:1)
  3 leopard geckos
  59 orcs
  4 bats
  5 giant cockroaches
  7 goblins
  10 hobgoblins
  20 jackals
  24 kobolds
  5 quokkas
  2 ball pythons (D:4)
  3 frilled lizards
  A leopard gecko skeleton (D:3)
  A leopard gecko zombie (D:5)
  8 rats
  10 fungi
  8 plants
  A starspawn tentacle (Abyss:1)
717 creatures vanquished.

Vanquished Creatures (collateral kills)
  A hydra (Lair:4)
  3 death yaks (Lair:4)
  4 elephants (Lair:4)
  A hippogriff (Lair:4)
  A butterfly (Lair:4)
  A fungus (Lair:2)
  A plant (Lair:2)
12 creatures vanquished.

Vanquished Creatures (others)
  An orc (Orc:2)
  11 fungi
  3 plants
  4 starspawn tentacles (Abyss:1)
19 creatures vanquished.

Grand Total: 748 creatures vanquished

Notes
Turn   | Place    | Note
-------+----------+-------------------------------------------
     0 | D:1      | Fang the Gargoyle Berserker began the quest for the Orb.
     0 | D:1      | Reached XP level 1. HP: 14/14 MP: 1/1
   124 | D:1      | Reached XP level 2. HP: 18/19 MP: 2/2
   508 | D:1      | Reached XP level 3. HP: 23/23 MP: 3/3
   657 | D:2      | Reached ** piety under Trog
  1348 | D:3      | Noticed Sigmund
  1363 | D:3      | Killed Sigmund
  1363 | D:3      | Reached skill level 4 in Fighting
  1363 | D:3      | Reached XP level 4. HP: 30/30 MP: 4/4
  1363 | D:3      | Reached XP level 5. HP: 34/34 MP: 5/5
  1637 | D:3      | Reached XP level 6. HP: 39/39 MP: 6/6
  2199 | D:4      | Noticed Pikel
  2199 | D:4      | Noticed a slave
  2199 | D:4      | Noticed a slave
  2199 | D:4      | Noticed a slave
  2199 | D:4      | Noticed a slave
  2224 | D:4      | Killed Pikel
  2224 | D:4      | Reached skill level 5 in Fighting
  2224 | D:4      | Reached XP level 7. HP: 41/44 MP: 7/7
  2291 | D:4      | Noticed Blork the orc
  2298 | D:4      | Reached *** piety under Trog
  2303 | D:4      | Reached skill level 5 in Armour
  2303 | D:4      | Reached XP level 8. HP: 48/51 MP: 8/8
  2305 | D:4      | Killed Blork the orc
  2396 | D:4      | Found a glowing drain.
  2438 | Sewer    | Entered a sewer
  2495 | Sewer    | Noticed Purgy
  2521 | Sewer    | Killed Purgy
  2521 | Sewer    | Reached skill level 6 in Fighting
  2647 | D:4      | Reached skill level 5 in Axes
  3169 | D:5      | Entered Level 5 of the Dungeon
  3169 | D:5      | Noticed Edmund
  3177 | D:5      | Killed Edmund
  3354 | D:5      | Reached **** piety under Trog
  3428 | D:5      | Found a burning altar of Makhleb.
  3456 | D:5      | Noticed Ijyb
  3467 | D:5      | Killed Ijyb
  3538 | D:5      | Noticed Dowan
  3539 | D:5      | Noticed Duvessa
  3547 | D:5      | Killed Duvessa
  3547 | D:5      | Reached XP level 9. HP: 56/56 MP: 9/9
  3569 | D:5      | Killed Dowan
  3869 | D:5      | Reached skill level 7 in Fighting
  4204 | D:6      | Reached skill level 5 in Shields
  4227 | D:6      | Found a shadowy altar of Dithmenos.
  4286 | D:6      | Reached skill level 5 in Dodging
  4628 | D:7      | Found Wosed's Armour Shoppe.
  4650 | D:7      | Bought the +0 large shield of Ides {Regen+ Int+3 Dex+2} for
                  | 264 gold pieces
  4686 | D:7      | Found a runed translucent gate.
  4686 | D:7      | Found a runed translucent gate.
  4686 | D:7      | Found a runed translucent gate.
  4686 | D:7      | Noticed Romra's ghost (novice DECj)
  4704 | D:7      | Found a staircase to the Ecumenical Temple.
  4740 | Temple   | Entered the Ecumenical Temple
  4787 | D:7      | Reached ***** piety under Trog
  4902 | D:7      | Reached XP level 10. HP: 64/64 MP: 10/10
  5040 | D:7      | Found an iron altar of Okawaru.
  5516 | D:8      | Reached skill level 8 in Fighting
  5732 | D:8      | Found a snail-covered altar of Cheibriados.
  5859 | D:8      | Received a gift from Trog
  6110 | D:9      | Found a staircase to the Lair.
  6194 | D:9      | Found a sacrificial altar of Ru.
  6708 | D:10     | Entered Level 10 of the Dungeon
  6740 | D:10     | Noticed Josephine
  6757 | D:10     | Killed Josephine
  6757 | D:10     | Reached XP level 11. HP: 59/69 MP: 11/11
  6758 | D:10     | Reached skill level 9 in Fighting
  6965 | D:10     | Found an iron altar of Okawaru.
  7034 | D:10     | Found a staircase to the Orcish Mines.
  7038 | D:10     | Found a roughly hewn altar of Beogh.
  7488 | D:11     | Noticed Grum
  7509 | D:11     | Killed Grum
  7614 | D:11     | Noticed a cyclops
  7621 | D:11     | Killed a cyclops
  7652 | D:11     | Reached skill level 10 in Fighting
  7652 | D:11     | Reached XP level 12. HP: 79/79 MP: 12/12
  8005 | Lair:1   | Entered Level 1 of the Lair of Beasts
  8044 | Lair:1   | Reached skill level 10 in Armour
  8414 | Lair:1   | Reached skill level 11 in Fighting
  8831 | Lair:2   | Reached XP level 13. HP: 84/84 MP: 13/13
  8886 | Lair:2   | Reached skill level 10 in Shields
  8920 | Lair:2   | Received a gift from Trog
  9205 | Lair:2   | Found a hole to the Spider Nest.
 10359 | Lair:4   | Found a staircase to the Shoals.
 10415 | Lair:4   | Reached skill level 10 in Axes
 10792 | Lair:4   | Reached skill level 12 in Fighting
 10798 | Lair:4   | Received a gift from Trog
 11297 | Lair:5   | Gained mutation: Your large and strong wings let you fly
                  | indefinitely. [Gargoyle growth]
 11297 | Lair:5   | Reached XP level 14. HP: 91/92 MP: 14/14
 11541 | Lair:5   | Found a runed translucent door.
 11541 | Lair:5   | Found a viscous altar of Jiyva.
 11546 | Lair:5   | Found a staircase to the Slime Pits.
 11546 | Lair:5   | Noticed an acid blob
 11546 | Lair:5   | Noticed an acid blob
 11560 | Lair:5   | Noticed Snorg
 11573 | Lair:5   | Killed Snorg
 12039 | Lair:6   | Entered Level 6 of the Lair of Beasts
 12216 | Lair:6   | Noticed Urug
 12228 | Lair:6   | Killed Urug
 12242 | Lair:6   | Found a dark tunnel.
 12487 | Lair:6   | Received a gift from Trog
 13367 | D:12     | Noticed Psyche
 13371 | D:12     | Cast into level 1 of the Abyss (Psyche)
 13371 | Abyss:1  | Found a corrupted altar of Lugonu.
 13624 | Abyss:1  | Noticed a starcursed mass
 13626 | Abyss:1  | Noticed a tentacled starspawn
 13645 | Abyss:1  | Killed a tentacled starspawn
 13645 | Abyss:1  | Reached skill level 13 in Fighting
 13647 | D:12     | Escaped the Abyss
 13702 | D:12     | Killed Psyche
 14024 | D:12     | Noticed Nergalle
 14038 | D:12     | Killed Nergalle
 14221 | D:12     | Noticed a frost giant
 14226 | D:12     | Reached XP level 15. HP: 53/98 MP: 15/15
 14234 | D:12     | Killed a frost giant
 14234 | D:12     | Reached skill level 10 in Dodging
 14342 | D:12     | Found a sacrificial altar of Ru.
 14344 | D:12     | Found a white marble altar of Elyvilon.
 14461 | D:12     | Received a gift from Trog
 15157 | D:13     | Found a gate to the Vaults.
 15595 | D:14     | Reached ****** piety under Trog
 15692 | D:14     | Received a gift from Trog
 16240 | D:15     | Entered Level 15 of the Dungeon
 16393 | D:15     | Found a staircase to the Depths.
 16494 | D:15     | Found a shimmering altar of Xom.
 16496 | D:15     | Found the +7 mace of Variability {chain chaos}
 16691 | D:15     | Reached skill level 14 in Fighting
 17090 | Orc:1    | Entered Level 1 of the Orcish Mines
 17134 | Orc:1    | Received a gift from Trog
 17339 | Orc:1    | Reached XP level 16. HP: 106/106 MP: 16/16
 17396 | Orc:1    | Noticed Maurice
 17409 | Orc:1    | Killed Maurice
 17541 | Orc:1    | Found Semuesub's Magic Scroll Shoppe.
 17687 | Orc:2    | Entered Level 2 of the Orcish Mines
 17687 | Orc:2    | Found Eriopt's Antique Weapon Shop.
 17687 | Orc:2    | Found Ypliopt's Antique Armour Emporium.
 17969 | Orc:2    | HP: 4/159 [smoke demon/ball of steam[an orc high priest]
                  | (11)]
 17973 | Orc:2    | HP: 1/106 [orc knight/+0 great sword (27)]
 17975 | Orc:2    | Slain by an orc warrior

Levels and vault maps discovered:
D:1:      ncdulo_lavacross, layout_loops_cross
D:2:      layout_loops_ring
D:3:      layout_loops_cross, nicolae_underground_beach, uniq_sigmund
D:4:      layout_cave_pods, first_ration, portal_sewer_entry_a, uniq_pikel,
          uniq_blork_the_orc
D:5:      layout_gridville, overflow_temple_1_default, bh_walls_and_bars,
          uniq_duvessa, uniq_edmund, uniq_ijyb
D:6:      layout_gridville, nicolae_dithmenos_shadow_blocks
D:7:      lemuel_ice_spiral_2, layout_basic, minmay_temple_entry_waves,
          gammafunk_ghost_split, basic_altar, serial_shops,
          nicolae_shop_statue_plus, hangedman_decor_clover_reticule
D:8:      layout_loops_ring, slow_altar_1, grunt_ogre_cave
D:9:      layout_irregular_city, david_lair_generic, nicolae_ru_awakened_eye
D:10:     layout_irregular_city, minmay_orc_entry_temple_small,
          serial_column_ruins, column_ruins_temple_hall,
          column_ruins_corridor_dead_end, column_ruins_grid_1,
          column_ruins_open_medium, column_ruins_grid_3,
          column_ruins_columns_dead_end, minmay_misc_feat_iff, uniq_josephine
D:11:     layout_gridville, uniq_grum
D:12:     layout_stronghold, jmf_multi_god_temple, uniq_nergalle, uniq_psyche
D:13:     kennysheep_spiral_hall, layout_basic, skrybe_vaults_entry_preservation
D:14:     layout_basic
D:15:     hangedman_depths_entry_civil_slaughter, layout_cave_pools,
          kennysheep_pointless_box, minmay_guarded_unrand_variability
Temple:   regret_index_temple_chain_breaker
Lair:1:   layout_roguey, lemuel_fruit_tree
Lair:2:   wander_river, layout_chaotic_city, nicolae_spider_entry_tight_spaces
Lair:3:   layout_loops_ring, grunt_megastairs_4, serial_bayou_shore_b
Lair:4:   lemuel_slime, layout_misc_corridors, minmay_shoals_entry_beasts,
          lemuel_fruit_fields, grunt_megastairs_1
Lair:5:   layout_regular_city, slime_altar_2, gammafunk_lair_bear_cave,
          uniq_snorg
Lair:6:   evilmike_catoblepas_cave, layout_long_grid,
          nicolae_volcano_entry_two_sided, uniq_urug
Orc:1:    layout_caves, serial_shops, nicolae_shop_stone, uniq_maurice
Orc:2:    grunt_orc_gardens, layout_caves, grunt_orc_garden, grunt_orc_garden,
          grunt_orc_garden, grunt_orc_garden, basic_altar

Skill      XL: |  1  2  3  4  5  6  7  8  9 10 11 12 13 14 15 |
---------------+----------------------------------------------+-----
Axes           | 3 4 5 6 7 8 9 10 11 12 | 12.3
Dodging        | 2 3 4 5 6 7 9 10 | 10.9
Fighting       | 4 5 6 7 8 10 11 12 13 14 | 14.3
Armour         | 3 4 5 6 7 8 9 10 11 12 13 | 13.7
Shields        | 2 4 5 7 9 11 12 13 | 13.5

Action                   |  1- 3 |  4- 6 |  7- 9 | 10-12 | 13-15 | 16-18 || total
-------------------------+-------+-------+-------+-------+-------+-------++-------
Melee: Hand axe          |   168 |    22 |       |       |       |       ||   190
       War axe           |       |   104 |   436 |   180 |       |       ||   720
       Broad axe         |       |       |       |   341 |  1260 |   110 ||  1711
Invok: Berserk           |     1 |     2 |     1 |     1 |     9 |     1 ||    15
       Trog's Hand       |       |       |     1 |     1 |     1 |     1 ||     4
       Brothers in Arms  |       |       |       |       |     1 |     1 ||     2
 Abil: Fly               |       |       |       |       |     1 |       ||     1
  Use: Scroll            |       |       |    20 |     7 |    14 |       ||    41
       Potion            |       |       |       |     1 |     1 |     2 ||     4
 Stab: Sleeping          |     1 |       |       |       |       |       ||     1
       Distracted        |       |       |       |       |     2 |       ||     2
  Eat: Chunk             |     2 |     5 |    12 |    15 |    33 |     3 ||    70
       Ration            |       |       |       |       |     3 |       ||     3
Armor: Animal skin       |    61 |       |       |       |       |       ||    61
       Plate armour      |     5 |    88 |   326 |   458 |   763 |    55 ||  1695
Dodge: Dodged            |   108 |    46 |    69 |   138 |   376 |    44 ||   781
Block: Large shield      |       |    15 |   426 |   614 |  1411 |   145 ||  2611
